 Dungeon Crawl Stone Soup version 0.16.2-12-gd0ad4c3 (webtiles) character file.

8727 faibistes the Thaumaturge (level 11, -2/59 HPs)
             Began as a Deep Elf Wizard on Feb 5, 2018.
             Was an Elder of Sif Muna.
             Slain by a hill giant
             ... wielding a +0 giant club
              (28 damage)
             ... on level 10 of the Dungeon.
             The game lasted 00:46:36 (16260 turns).

faibistes the Thaumaturge (Deep Elf Wizard)        Turns: 16260, Time: 00:46:37

Health: -2/59      AC:  5    Str:  4    XL:     11   Next: 13%
Magic:  26/32      EV: 15    Int: 27    God:    Sif Muna [****..]
Gold:   438        SH:  0    Dex: 13    Spells: 6 memorised, 18 levels left

rFire  . . .     SeeInvis .     w - +1 dagger (venom)
rCold  . . .     Clarity  .     a - +1 robe
rNeg   . . .     SustAb   .     (no shield)
rPois  .         Gourm    .     u - +2 hat
rElec  .         Spirit   .     (no cloak)
rCorr  .         Warding  .     (no gloves)
rMut   .         Stasis   .     (no boots)
MR     +....                    (no amulet)
Stlth  ++........               (no ring)
                                x - ring of wizardry

@: repel missiles, somewhat resistant to hostile enchantments, unstealthy
A: no striking features
a: Channel Energy, Forget Spell, Renounce Religion


You were on level 10 of the Dungeon.
You worshipped Sif Muna.
Sif Muna was greatly pleased with you.
You were not hungry.

You visited 2 branches of the dungeon, and saw 12 of its levels.

You collected 636 gold pieces.
You spent 198 gold pieces at shops.

Inventory:

Hand weapons
 e - a +0 club
 l - a +0 dagger
 w - a +1 dagger of venom (weapon)
 y - a +2 dagger of draining
 W - a +2 trident of venom
Armour
 a - a +1 robe (worn)
 b - a +0 hat
 u - a +2 hat (worn)
 C - the +2 pair of boots of the Forgotten Suns {rElec rPois Regen+ Int-3}
   (You found it on level 6 of the Dungeon)

   It affects your intelligence (-3).
   It insulates you from electricity.
   It protects you from poison.
   It increases your rate of regeneration.
 R - the -2 hat of Heresy {rF- Str+5}
   (You bought it in a shop on level 8 of the Dungeon)

   It affects your strength (+5).
   It makes you vulnerable to fire.
Magical staves
 L - an uncursed staff of wizardry
 O - a cursed staff of air
Jewellery
 x - a ring of wizardry (left hand)
 K - an uncursed ring of fire {unknown}
Magical devices
 m - a wand of enslavement (0)
 o - a wand of frost (14)
 A - a wand of disintegration (6)
 D - a wand of flame (8)
 E - a wand of fireball (4)
 H - a wand of confusion (19)
 N - a wand of digging (11)
Scrolls
 k - 2 scrolls of recharging
 n - 2 scrolls of blinking
 p - 4 scrolls of amnesia
 r - 2 scrolls of magic mapping
 s - 2 scrolls of remove curse
 B - a scroll of teleportation
 G - 3 scrolls of fear
 I - a scroll of enchant armour
Potions
 i - a potion of agility
 q - a potion of restore abilities
 v - 2 potions of ambrosia
 z - 3 potions of curing
 F - 2 potions of flight
 J - a potion of invisibility
 P - a potion of cure mutation {unknown}
 Q - 2 potions of brilliance {unknown}
Books
 c - a book of Minor Magic

   Spells                             Type                      Level
   a - Magic Dart                     Conjuration                  1
   b - Blink                          Translocation                2
   c - Call Imp                       Summoning                    2
   d - Repel Missiles                 Charms/Air                   2
   e - Slow                           Hexes                        2
   f - Conjure Flame                  Conjuration/Fire             3
   g - Mephitic Cloud                 Conjuration/Poison/Air       3
Comestibles
 d - 7 bread rations
 f - 7 meat rations
 g - 4 fruits
 h - 4 chunks of flesh
 j - a royal jelly
 t - 7 beef jerkies
 M - 2 slices of pizza


   Skills:
 + Level 2.8 Fighting
 + Level 6.8 Dodging
 - Level 2.4 Stealth
 * Level 10.8 Spellcasting
 + Level 7.2 Conjurations
 + Level 4.8 Charms
 - Level 4.1 Summonings
 + Level 4.1 Translocations
 * Level 7.3 Fire Magic
 - Level 4.0 Air Magic
 - Level 3.1 Poison Magic
 * Level 5.3 Invocations
 + Level 4.7 Evocations


You had 18 spell levels left.
You knew the following spells:

 Your Spells              Type           Power        Failure   Level  Hunger
a - Magic Dart            Conj           ####         1%          1    None
b - Conjure Flame         Conj/Fire      ######..     1%          3    None
c - Call Imp              Summ           #####...     1%          2    None
d - Blink                 Tloc           N/A          1%          2    None
e - Mephitic Cloud        Conj/Pois/Air  #####...     1%          3    None
f - Repel Missiles        Chrm/Air       #####.       1%          2    None


Dungeon Overview and Level Annotations

Branches:
Dungeon (11/15)            Temple (1/1) D:5            Lair (0/8) D:10
    Orc (0/4) D:10

Altars:
Ashenzari
Cheibriados
Dithmenos
Elyvilon
Fedhas
Gozag
Kikubaaqudgha
Makhleb
Nemelex Xobeh
Okawaru
Qazlal
Ru
Sif Muna
Trog
Vehumet
Xom
Yredelemnul
Zin
The Shining One

Shops:
D:8 [   D:9 }}[}


Message History

You kill the warg!
The killer bee is engulfed in noxious fumes.
The killer bee appears confused.
You hit the killer bee but do no damage.
The killer bee is poisoned.
The killer bee is moderately wounded.
The killer bee is engulfed in roaring flames.
The killer bee completely misses you.
The killer bee is engulfed in roaring flames.
You kill the killer bee!
Casting: Mephitic Cloud
Confirm with . or Enter, or press ? or * to list all spells.
Aiming: Conjure Flame
Press: ? - help, Dir - move target cursor The fire roars!
You hit the hill giant.
The hill giant looks even sicker.
The hill giant is lightly wounded.
The hill giant is engulfed in roaring flames.
The hill giant hits you with a giant club!!
You die...

.##.........)...#.....
.###...#.#########...
.........##### #.
.............#
###########.# #.# #.#
#.######## #@C.§yy...
##########


You could see a hill giant and 2 killer bees.

Vanquished Creatures
  Pikel (D:6)
  2 hill giants (D:10)
  A gargoyle (D:10)
  2 trolls (D:10)
  A trapdoor spider zombie (D:10)
  Prince Ribbit (D:6)
  A two-headed ogre (D:10)
  A wyvern (D:10)
  A hippogriff (D:5)
  A hungry ghost (D:7)
  Edmund (D:5)
  5 wargs (D:10)
  A water moccasin (D:5)
  2 orc warriors (D:6)
  A black bear (D:10)
  A necrophage (D:6)
  2 ice beasts
  2 centaurs
  A phantom (D:5)
  4 sky beasts
  8 ogres
  A slave (D:6)
  Sigmund (D:2)
  Duvessa (D:4)
  3 big kobolds
  4 giant frogs
  A wyvern zombie (D:6)
  3 scorpions
  A water moccasin skeleton (D:6)
  5 killer bees
  3 goliath beetles
  Dowan (D:4)
  7 crimson imps
  2 jellies
  4 hounds
  2 giant frog skeletons (D:5)
  2 iguanas
  7 orc priests
  3 centaur skeletons
  A giant frog zombie (D:6)
  6 orc wizards
  Natasha (twice) (D:5)
  6 worker ants
  An ogre zombie (D:5)
  Jessica (D:2)
  2 hound zombies
  A mummy (D:10)
  A hound skeleton (D:8)
  Terence (D:2)
  A worker ant zombie (D:9)
  16 adders
  11 gnolls
  6 shadow imps
  3 giant mites
  5 worms
  2 adder skeletons
  6 giant geckos
  2 oozes (D:2)
  39 orcs
  A ball python (D:2)
  12 bats
  2 bat skeletons
  A bat zombie (D:5)
  2 giant cockroaches
  13 goblins
  16 hobgoblins
  6 jackals
  4 quokkas
  A giant gecko zombie (D:6)
  5 giant newts
  A jackal skeleton (D:6)
  26 kobolds
  2 quokka skeletons
  17 rats
313 creatures vanquished.

Vanquished Creatures (collateral kills)
  A scorpion (D:4)
  A worker ant (D:4)
  A worm (D:2)
3 creatures vanquished.

Vanquished Creatures (others)
  A slave (D:6)
  A crimson imp (D:3)
  2 orc wizards (D:6)
  A jackal (D:6)
  A kobold (D:6)
6 creatures vanquished.

Grand Total: 322 creatures vanquished

Notes
Turn   | Place    | Note
--------------------------------------------------------------
     0 | D:1      | faibistes, the Deep Elf Wizard, began the quest for the Orb.
     0 | D:1      | Reached XP level 1. HP: 10/10 MP: 6/6
  1015 | D:1      | Reached XP level 2. HP: 15/15 MP: 8/10
  1030 | D:1      | Learned a level 2 spell: Blink
  1033 | D:1      | Learned a level 2 spell: Call Imp
  1947 | D:2      | Reached skill level 5 in Spellcasting
  1947 | D:2      | Reached XP level 3. HP: 19/19 MP: 1/14
  1952 | D:2      | Learned a level 3 spell: Conjure Flame
  1957 | D:2      | Learned a level 3 spell: Mephitic Cloud
  2217 | D:2      | Found a sacrificial altar of Ru.
  2245 | D:2      | Noticed Jessica
  2247 | D:2      | Noticed Sigmund
  2249 | D:2      | Killed Jessica
  2261 | D:2      | Killed Sigmund
  2261 | D:2      | Reached XP level 4. HP: 24/24 MP: 10/18
  2269 | D:2      | Learned a level 2 spell: Repel Missiles
  2393 | D:2      | Noticed Terence
  2406 | D:2      | Killed Terence
  2406 | D:2      | Reached skill level 6 in Spellcasting
  2498 | D:4      | Reached XP level 5. HP: 28/28 MP: 16/20
  3015 | D:4      | Found a snail-covered altar of Cheibriados.
  3041 | D:5      | Entered Level 5 of the Dungeon
  3102 | D:6      | Noticed a centaur
  3233 | D:2      | Reached XP level 6. HP: 32/32 MP: 20/22
  4270 | D:3      | Reached skill level 7 in Spellcasting
  4513 | D:4      | Found an iron altar of Okawaru.
  4519 | D:4      | Found a deep blue altar of Sif Muna.
  4523 | D:4      | Noticed an ogre
  4531 | D:4      | Became a worshipper of Sif Muna the Loreminder
  4537 | D:4      | Killed an ogre
  4554 | D:4      | Found a burning altar of Makhleb.
  4672 | D:4      | Noticed Dowan
  4689 | D:4      | Noticed Duvessa
  4717 | D:4      | Killed Dowan
  4717 | D:4      | Reached skill level 1 in Fire Magic
  4717 | D:4      | Reached skill level 1 in Air Magic
  4839 | D:4      | Killed Duvessa
  4839 | D:4      | Reached XP level 7. HP: 36/36 MP: 5/25
  4971 | D:5      | Found a blossoming altar of Fedhas.
  4983 | D:4      | Found an opulent altar of Gozag.
  5133 | D:4      | Reached skill level 1 in Poison Magic
  5367 | D:5      | Found a staircase to the Ecumenical Temple.
  5376 | Temple   | Entered the Ecumenical Temple
  5612 | D:6      | Acquired Sif Muna's first power
  6194 | D:5      | Noticed an ogre
  6202 | D:5      | Killed an ogre
  6493 | D:6      | Got a pair of crude boots
  6505 | D:5      | Identified the +2 pair of boots of the Forgotten Suns {rElec rPois Regen+ Int-3} (You found it on level 6 of the Dungeon)
  6516 | D:5      | Found a radiant altar of Vehumet.
  6527 | D:5      | Noticed Natasha
  6531 | D:5      | Reached XP level 8. HP: 41/41 MP: 15/27
  6543 | D:5      | Killed Natasha
  6848 | D:5      | Noticed a water moccasin
  6856 | D:5      | Killed a water moccasin
  6856 | D:5      | Reached skill level 8 in Spellcasting
  6856 | D:5      | Reached skill level 5 in Conjurations
  6933 | D:5      | Noticed Edmund
  6969 | D:5      | Killed Edmund
  6969 | D:5      | Acquired Sif Muna's second power
  7206 | D:5      | Noticed Natasha
  7210 | D:5      | Killed Natasha
  7297 | D:5      | Noticed a phantom
  7308 | D:5      | Killed a phantom
  7308 | D:5      | Reached skill level 5 in Dodging
  7443 | D:5      | Noticed a hippogriff
  7449 | D:5      | Killed a hippogriff
  7888 | D:5      | Noticed an ogre
  7897 | D:5      | Killed an ogre
  8279 | D:5      | Reached XP level 9. HP: 45/45 MP: 24/29
  8528 | D:6      | Noticed Prince Ribbit
  8553 | D:6      | Killed Prince Ribbit
  9297 | D:6      | Reached skill level 1 in Invocations
  9331 | D:6      | Reached skill level 5 in Fire Magic
  9556 | D:7      | Reached skill level 9 in Spellcasting
  9556 | D:7      | Reached skill level 1 in Evocations
  9659 | D:6      | Found a stormy altar of Qazlal.
  9667 | D:6      | Killed a centaur
  9853 | D:7      | Reached skill level 1 in Fighting
  9853 | D:7      | Reached skill level 1 in Charms
 10021 | D:6      | Noticed a slave
 10021 | D:6      | Noticed a slave
 10022 | D:6      | Noticed Pikel
 10024 | D:6      | Noticed a slave
 10026 | D:6      | Noticed a slave
 10060 | D:6      | Noticed an orc warrior
 10102 | D:6      | Killed a slave
 10110 | D:6      | Killed Pikel
 10246 | D:6      | Killed an orc warrior
 10557 | D:6      | Noticed an ogre
 10572 | D:6      | Killed an ogre
 10717 | D:6      | Killed a freed slave
 11416 | D:7      | Reached XP level 10. HP: 53/53 MP: 22/31
 12288 | D:8      | Found a snail-covered altar of Cheibriados.
 12427 | D:10     | Entered Level 10 of the Dungeon
 12439 | D:10     | Noticed a hill giant
 12451 | D:10     | Killed a hill giant
 12451 | D:10     | Reached skill level 10 in Spellcasting
 12588 | D:8      | Found a shimmering altar of Xom.
 12887 | D:8      | Found Prast's Antique Armour Shoppe.
 12903 | D:8      | Bought a spiked hat for 198 gold pieces
 12913 | D:8      | Identified the cursed -2 hat of Heresy {rF- Str+5} (You bought it in a shop on level 8 of the Dungeon)
 13268 | D:9      | Found Voforaeho's Armour Boutique.
 13536 | D:9      | Found Teut's Gadget Emporium.
 13733 | D:9      | Found Wapniruj's Gadget Shop.
 13753 | D:9      | Found Xaypaell's Gadget Shoppe.
 14085 | D:9      | Found a basalt altar of Yredelemnul.
 14086 | D:9      | Found a sacrificial altar of Ru.
 14086 | D:9      | Found a shadowy altar of Dithmenos.
 14088 | D:9      | Found a glowing golden altar of the Shining One.
 15426 | D:10     | Found a staircase to the Orcish Mines.
 15544 | D:10     | Noticed a hill giant
 15553 | D:10     | Killed a hill giant
 15553 | D:10     | Acquired Sif Muna's third power
 15553 | D:10     | Reached skill level 5 in Invocations
 15729 | D:10     | Reached XP level 11. HP: 59/59 MP: 23/32
 15906 | D:10     | Found a staircase to the Lair.
 15928 | D:10     | HP: 1/59 [troll (8)]
 16245 | D:10     | Noticed a hill giant
 16260 | D:10     | Slain by a hill giant

Action                   |  1- 3 |  4- 6 |  7- 9 | 10-12 || total
-------------------------+-------+-------+-------+-------++-------
Melee: Dagger            |    10 |    12 |    80 |    59 ||   161
       Trident           |       |       |       |    10 ||    10
 Cast: Magic Dart        |    69 |   142 |   463 |   391 ||  1065
       Call Imp          |     2 |     4 |       |       ||     6
       Conjure Flame     |     1 |     4 |    21 |    53 ||    79
       Mephitic Cloud    |     1 |    10 |    37 |    25 ||    73
       Repel Missiles    |       |     1 |     1 |       ||     2
       Blink             |       |     1 |    13 |     4 ||    18
Invok: Channel Energy    |       |       |     6 |     5 ||    11
Evoke: Wand              |       |       |     8 |     9 ||    17
  Use: Scroll            |       |       |     5 |    12 ||    17
       Potion            |       |       |     3 |       ||     3
 Stab: Confused          |     2 |       |     3 |     1 ||     6
       Sleeping          |       |       |       |     1 ||     1
  Eat: Chunk             |     4 |     8 |    20 |    16 ||    48
       Fruit             |       |       |       |     1 ||     1
